Zazza, neutral female human Tourist ---------- +........| |........| -...<....| |........| |........| ## |.I^.....| ### --------|- -.--- ## # |.(.|# # # .....######### # #|...|#### ############### ## ##....| -|--.- &|...| |....| ###@----- |....| |....| ------ Zazza the Excursionist Experience level: 8 Strength: 18 Dexterity: 15 Constitution: 18 Intelligence: 12 Wisdom: 9 Charisma: 14 Health: 0(76) Energy: 40(40) Def: 15 Gold: 15 Moves: 10605 Dungeon seed: p_7Pmy7MqfoM5iIH Game ID: Zazza_1535284199 Your Inventory: Coins $ - 15 gold pieces Weapons a - 19 +2 darts (in quiver) P - 10 +0 daggers (wielded) S - 6 +0 shuriken Armor e - an uncursed +0 Hawaiian shirt (being worn) r - a blessed greased +0 silver dragon scale mail (being worn) y - an uncursed +0 pair of iron shoes (being worn) z - an uncursed +0 elven cloak (being worn) N - an uncursed +1 helmet (being worn) W - an uncursed +0 pair of leather gloves (being worn) Comestibles b - an uncursed egg c - an uncursed melon d - an uncursed cream pie f - an uncursed lembas wafer k - an uncursed carrot m - 2 uncursed tripe rations w - an uncursed egg D - 2 uncursed lizard corpses E - an uncursed candy bar G - 2 uncursed pancakes L - 5 uncursed food rations Rings x - an uncursed -2 ring of increase damage I - an uncursed ring of poison resistance (on left hand) R - an uncursed ring of teleportation (on right hand) Z - an uncursed ring of sustain ability Tools g - an uncursed skeleton key o - an expensive camera (0:76) p - an uncursed credit card q - an uncursed towel u - a +0 unicorn horn U - an uncursed mirror Gems n - an uncursed worthless piece of blue glass Spells and supernatural/magical abilities: Name Level Category Fail Memory O - create monster 2 clerical 100% 76% W - pray for help -- divine ? -- Your skills at the end: Fighting Skills Weapon Skills dagger [Expert] dart [Basic] Spellcasting Skills Final Attributes: You were piously aligned. You were cold resistant. You were poison resistant. You were stealthy. You could teleport. You had reflection. You were lucky. You are dead. Vanquished creatures: a giant mimic a shocking sphere a gargoyle a chameleon a giant beetle a quivering blob 2 winter wolf cubs 2 lynxes a panther 3 leprechauns 3 iron piercers an ice vortex an orc mummy 2 brown puddings 2 lizards a dingo a white unicorn a raven a human zombie a rope golem a Woodland-elf 3 soldier ants 2 imps a wood nymph 5 water nymphs 3 Uruk-hai a rock mole a fog cloud 4 yellow lights 2 gnome lords a gnomish wizard a guardian naga hatchling a ghoul 2 straw golems 4 floating eyes 3 dwarves a homunculus a kobold lord 4 hill orcs 4 rothes a rabid rat a monkey 5 orc zombies 7 dwarf zombies a werejackal 5 iguanas 5 killer bees 5 acid blobs a gas spore 2 hobbits a large kobold 7 giant rats 9 cave spiders 3 brown molds 2 red molds 10 gnomes 7 garter snakes 4 gnome zombies 7 geckos 14 jackals 4 foxes 4 kobolds 3 goblins 5 sewer rats 7 grid bugs 4 bats 5 lichens a kobold zombie 8 newts 211 creatures vanquished. Voluntary challenges: You had been an atheist until turn 4712. You used a wielded weapon 409 times, starting on turn 120. You read items or engraved 12 times, starting on turn 1350. You never genocided any monsters. You never polymorphed an object. You never changed form. You used 1 wish, starting on turn 7. You did not wish for any artifacts. You split 1 pudding, starting on turn 10055. You never wrote Elbereth's name. You violated your moral code, losing 70 points of alignment, starting on turn 6569. Dungeon overview: The Dungeons of Doom: levels 1 to 9 Level 1 a long staircase Level 2 a general store Level 3 an armor shop Level 4 a long staircase Level 5 (gold) a sink Level 6 many fountains Level 7 a wand shop stairs to Sokoban Level 8 a fountain Level 9 <- You were here an altar to The Lady Sokoban: levels 3 to 6 Level 3 Level 4 Level 5 Level 6 stairs to The Dungeons of Doom History has recorded: On T:1 you entered the Dungeons of Doom to retrieve the Amulet of Yendor! On T:7 you wished for "blessed greased +2 silver dragon scale mail". On T:729 you reached level 2 of The Dungeons of Doom. On T:1398 you advanced to experience level 2. On T:1553 you reached level 3 of The Dungeons of Doom. On T:2308 you advanced to experience level 3. On T:2386 you reached level 4 of The Dungeons of Doom. On T:2645 you reached level 5 of The Dungeons of Doom. On T:3076 you advanced to experience level 4. On T:3612 you advanced to experience level 5. On T:3788 you reached level 6 of The Dungeons of Doom. On T:4300 you reached level 7 of The Dungeons of Doom. On T:4541 you reached level 4 of Sokoban. On T:4722 you advanced to experience level 6. On T:6129 you advanced to experience level 7. On T:6347 you reached level 3 of Sokoban. On T:7422 you reached level 2 of Sokoban. On T:8066 you reached level 1 of Sokoban. On T:9041 you advanced to experience level 8. On T:10143 you reached level 8 of The Dungeons of Doom. On T:10474 you reached level 9 of The Dungeons of Doom. Score breakdown: Gold: 0 ( 0 points) Experience: 8 levels (14739 points) Exploration: 9 levels ( 19.15%) (12510 points) Discoveries: 16 items ( 5.37%) ( 6951 points) Valuables value: (no points given unless you survive) Artifact value: 0 ( 0 points) Variety of kills: 69 monsters ( 18.11%) (12766 points) Turncount: 10605 turns (-2465 points) Survival: died (score multiplied by 80%) Total score: 35600 Latest messages: A tinning kit lands on the altar. You hit it. The succubus bumps right into you! You hit it. The succubus hits! (2x) Never mind. The succubus hits! The succubus misses. The succubus misses. (2x) The succubus hits! The succubus misses. The succubus hits! You die... Final status: Aloha Zazza the Tourist, killed by a succubus... You died in The Dungeons of Doom on dungeon level 9 with 35600 points, and 15 pieces of gold, after 10605 moves. You were level 8 with a maximum of 76 hit points when you died.